[Event "ICC tourney 2049 (75 10)"]
[Site "Internet Chess Club"]
[Date "2020.10.10"]
[Round "4"]
[White "kapilank"]
[Black "IAlwaysWin"]
[Result "1/2-1/2"]
[ICCResult "Game drawn by mutual agreement"]
[WhiteElo "1823"]
[BlackElo "1956"]
[Opening "Caro-Kann: classical, 6.h4"]
[ECO "B18"]
[NIC "CK.12"]
[Time "18:32:59"]
[TimeControl "4500+10"]

1. e4 c6 2. d4 d5 3. Nd2 dxe4 4. Nxe4 Bf5 5. Ng3 Bg6 6. h4 h6 7. h5 Bh7 8.
Nf3 Nd7 9. Bd3 Bxd3 10. Qxd3 e6 11. Bd2 Ngf6 12. O-O-O Be7 13. Ne4 Nxe4 14.
Qxe4 Nf6 15. Qe2 Qd5 16. c4 Qe4 17. Be3 O-O 18. Nd2 Qh7 19. f3 b5 20. g4
bxc4 21. Nxc4 Nd5 22. Bd2 a5 23. Qe4 Bb4 24. Bxb4 axb4 25. Kb1 Ra6 26. Qxh7+
Kxh7 27. Ne5 f6 28. Nd7 Rfa8 29. Nc5 Rxa2 30. Nxe6 Ne3 31. Kc1 Nxd1 32. Rxd1
Ra1+ 33. Kd2 Rxd1+ 34. Kxd1 Re8 35. Nc5 Rd8 36. Nb3 c5 37. Nxc5 Rxd4+ 38.
Ke2 Rc4 39. Nd3 b3 40. Ke3 Kg8 41. Ke2 Kf7 42. Ke3 Ke6 43. Nf4+ Kd6 44. Nd3
Ra4 45. Nc1 Ra2 46. Nxb3 Rxb2 47. Nd4 Rb7 48. Ke4 Re7+ 49. Kf5 Kd5 50. Nc2
Kc4 51. Kg6 Kc3 52. Ne1 Kd2 53. Ng2 Ke2 54. Nh4 {Game drawn by mutual
agreement} 1/2-1/2

[Event "ICC tourney 2049 (75 10)"]
[Site "Internet Chess Club"]
[Date "2020.10.10"]
[Round "4"]
[White "pianoboy"]
[Black "andrewf2009"]
[Result "0-1"]
[ICCResult "White resigns"]
[WhiteElo "1873"]
[BlackElo "1777"]
[Opening "QGD: semi-Slav"]
[ECO "D31"]
[NIC "SL.06"]
[Time "18:32:19"]
[TimeControl "4500+10"]

1. d4 d5 2. c4 e6 3. Nc3 c6 4. Bf4 Nf6 5. e3 Nbd7 6. Bd3 Be7 7. Nf3 O-O 8.
O-O b6 9. e4 dxe4 10. Nxe4 Bb7 11. Ne5 c5 12. Nxd7 Qxd7 13. Nxf6+ Bxf6 14.
dxc5 Qc6 15. Qg4 bxc5 16. Rab1 Rad8 17. Be2 Rd4 18. Bf3 Qb6 19. Bxb7 Qxb7
20. Qg3 Rfd8 21. b3 Qe4 22. Be3 Rd3 23. Qc7 Be5 24. Qxc5 h5 25. Rfe1 Qf5 26.
f4 Bxf4 27. Qxf5 Bxe3+ 28. Rxe3 exf5 29. Re5 Rd1+ 30. Rxd1 Rxd1+ 31. Kf2
Rd2+ 32. Re2 Rd7 33. Rc2 f6 34. b4 Kf7 35. a4 g5 36. c5 Ke6 37. Re2+ Kd5 38.
Rd2+ Kc6 39. Rc2 a6 40. Re2 Kd5 41. Rd2+ Kc6 42. b5+ axb5 43. axb5+ Kc7 44.
b6+ Kc6 45. Rxd7 Kxd7 46. Ke3 Kc6 47. Kd4 f4 48. Ke4 h4 49. Kf5 h3
{White resigns}
0-1

[Event "ICC tourney 2049 (75 10)"]
[Site "Internet Chess Club"]
[Date "2020.10.10"]
[Round "4"]
[White "kwen2008"]
[Black "Knightoffaith"]
[Result "0-1"]
[ICCResult "White resigns"]
[WhiteElo "1723"]
[BlackElo "1799"]
[Opening "Nimzo-Indian: classical variation"]
[ECO "E32"]
[NIC "NI.24"]
[Time "18:32:05"]
[TimeControl "4500+10"]

1. d4 Nf6 2. c4 e6 3. Nc3 Bb4 4. Qc2 O-O 5. Bg5 c5 6. e3 cxd4 7. exd4 d5 8.
cxd5 exd5 9. Bd3 Re8+ 10. Ne2 h6 11. Bh4 Nc6 12. O-O Be7 13. a3 Be6 14. b4
a6 15. Na4 Nd7 16. Bxe7 Qxe7 17. Nc5 Nxc5 18. bxc5 Bg4 19. Nc3 Rad8 20. Qa4
Qg5 21. f4 Qf6 22. Rab1 Re3 23. Qc2 Qxd4 24. Kh1 Qxd3 25. Qxd3 Rxd3 26. Na4
Rxa3 27. Nb6 Rc3 28. Na4 Rc4 29. Nb2 Rxc5 30. Nd3 Rb5 31. Rxb5 axb5 32. Nc5
b6 33. Nb3 Be2 34. Re1 Bc4 35. Nd2 Kf8 36. Kg1 Re8 37. Rd1 d4 38. Nb1 Re2
39. Na3 Bd5 40. g3 Rg2+ 41. Kf1 Rxh2 42. Ke1 Rh1+ 43. Kd2 Rxd1+ 44. Kxd1 Bc4
45. Kd2 Ke7 46. g4 g6 47. Nc2 h5 48. gxh5 gxh5 49. Ne1 h4 50. Nf3 h3 51. f5
Kf6 52. Nh2 Kxf5 53. Kc2 Kf4 54. Kd2 Kg3 55. Kc2 Kxh2 {White resigns} 0-1

[Event "ICC tourney 2049 (75 10)"]
[Site "Internet Chess Club"]
[Date "2020.10.10"]
[Round "4"]
[White "Roger436"]
[Black "OctopusYule"]
[Result "1/2-1/2"]
[ICCResult "Game drawn by mutual agreement"]
[WhiteElo "1691"]
[BlackElo "1820"]
[Opening "Ruy Lopez: Wormald (Alapin) attack"]
[ECO "C77"]
[NIC "RL.12"]
[Time "18:32:18"]
[TimeControl "4500+10"]

1. e4 e5 2. Nf3 Nc6 3. Bb5 a6 4. Ba4 Nf6 5. Qe2 b5 6. Bb3 Be7 7. c3 O-O 8.
O-O d6 9. h3 Bb7 10. d4 Re8 11. dxe5 Nxe5 12. Nxe5 dxe5 13. Rd1 Qc8 14. Bc2
c5 15. Bg5 Qc6 16. Nd2 h6 17. Bh4 Rad8 18. Re1 Bf8 19. Nf3 Qe6 20. a3 Bd6
21. Rad1 Bc7 22. Nh2 Rxd1 23. Rxd1 Rd8 24. Re1 Rd7 25. Nf1
{Game drawn by mutual agreement}
1/2-1/2

[Event "ICC tourney 2049 (75 10)"]
[Site "Internet Chess Club"]
[Date "2020.10.10"]
[Round "4"]
[White "pawnpush202044"]
[Black "orwind"]
[Result "0-1"]
[ICCResult "White resigns"]
[WhiteElo "1922"]
[BlackElo "1526"]
[Opening "Benoni defense"]
[ECO "A56"]
[NIC "OI.06"]
[Time "18:32:22"]
[TimeControl "4500+10"]

1. c4 Nf6 2. d4 c5 3. e3 e6 4. Nf3 Be7 5. Nc3 O-O 6. Bd3 d6 7. O-O Nbd7 8.
b3 Nb6 9. dxc5 dxc5 10. Bb2 Bd7 11. Qc2 h6 12. Rad1 Qc7 13. Ne4 Nxe4 14.
Bxe4 Rad8 15. Be5 Qc8 16. Qe2 Bc6 17. Bb1 Nd7 18. Bf4 Nf6 19. e4 Rfe8 20. e5
Nh7 21. Qc2 Nf8 22. Qe2 b6 23. Nd2 Qb7 24. Ne4 Bxe4 25. Bxe4 Qc7 26. Qg4 Kh8
27. Qh5 Kg8 28. g4 Rxd1 29. Rxd1 Rd8 30. Re1 Rd4 31. Re3 Qd8 32. Bg3 Rd1+
33. Kg2 Bg5 34. Re2 Rc1 35. Rc2 Rxc2 36. Bxc2 Qd2 37. Be4 Qxa2 {White
resigns} 0-1

[Event "ICC tourney 2049 (75 10)"]
[Site "Internet Chess Club"]
[Date "2020.10.10"]
[Round "4"]
[White "qiaoqiaoszx"]
[Black "HR2005"]
[Result "0-1"]
[ICCResult "White resigns"]
[WhiteElo "2116"]
[BlackElo "2033"]
[Opening "Sicilian: Sozin with ...a6 and ...b5"]
[ECO "B87"]
[NIC "SI.13"]
[Time "18:32:06"]
[TimeControl "4500+10"]

1. e4 c5 2. Nf3 d6 3. d4 cxd4 4. Nxd4 Nf6 5. Nc3 a6 6. Bc4 e6 7. Bb3 b5 8.
Be3 Bb7 9. f3 Nbd7 10. a3 Nc5 11. Ba2 Rc8 12. O-O d5 13. e5 Nfd7 14. f4 g6
15. Qf3 h5 16. Bf2 Be7 17. b4 Ne4 18. Nxe4 dxe4 19. Qg3 Nf8 20. Rac1 h4 21.
Qh3 Bd5 22. Bxd5 exd5 23. f5 Qc7 24. fxg6 Nxg6 25. Nf5 Rg8 26. Nxe7 Nxe7 27.
Bxh4 Qxe5 28. Bf6 Qe6 29. Qh5 Qg4 30. Qxg4 Rxg4 31. Rfd1 Rd8 32. a4 Rg6 33.
Bxe7 Kxe7 34. axb5 axb5 35. Rd4 Kd6 36. Rcd1 Ke5 37. Kf2 Rc6 38. R1d2 f5 39.
g3 Rc3 40. Ke2 Rf3 41. Ke1 f4 42. gxf4+ Rxf4 43. c3 Rf3 44. Rc2 Rg8 45. Rcd2
Rg1+ 46. Ke2 Rg2+ 47. Ke1 Rxd2 48. Kxd2 Rf2+ 49. Ke3 Rxh2 50. Rd1 Rh3+ 51.
Kd2 Rd3+ 52. Kc2 Rxd1 53. Kxd1 d4 54. cxd4+ Kxd4 55. Kd2 Kc4 56. Ke3 Kxb4
57. Kxe4 Kc3 {White resigns} 0-1

[Event "ICC tourney 2049 (75 10)"]
[Site "Internet Chess Club"]
[Date "2020.10.10"]
[Round "4"]
[White "Almanac2050"]
[Black "CoolKoiFish"]
[Result "0-1"]
[ICCResult "White resigns"]
[WhiteElo "1756"]
[BlackElo "1947"]
[Opening "Giuoco Pianissimo"]
[ECO "C55"]
[NIC "IG.01"]
[Time "18:32:11"]
[TimeControl "4500+10"]

1. e4 e5 2. Nf3 Nc6 3. Bc4 Nf6 4. d3 Bc5 5. c3 d6 6. O-O h6 7. Nbd2 O-O 8.
h3 Bb6 9. Re1 Ne7 10. Nf1 Ng6 11. Ng3 c6 12. d4 Bc7 13. dxe5 dxe5 14. Qxd8
Rxd8 15. Be3 Bb6 16. Rad1 Bd7 17. Rd2 Bxe3 18. fxe3 b5 19. Bb3 Kf8 20. Red1
c5 21. Bd5 Rac8 22. h4 Bg4 23. Bb7 Rxd2 24. Rxd2 Rb8 25. Bc6 Bxf3 26. gxf3
Nxh4 27. Kf2 Ng6 28. Nf5 Ne7 29. Nxe7 Kxe7 30. f4 Rb6 31. Ba8 Rd6 32. Ke2
Rxd2+ 33. Kxd2 Kd6 34. Ke2 Nd7 35. Bd5 f6 36. f5 Nb6 37. Bb3 Na4 38. Kf3
Nxb2 39. Kg4 Ke7 40. Kh5 Kf8 41. a3 a5 42. Kh4 c4 43. Bc2 Na4 44. Bxa4 bxa4
45. Kg4 Kg8 46. Kh4 Kh7 47. Kg4 g6 48. Kh3 h5 49. Kh4 Kh6 50. Kg3 gxf5 51.
exf5 Kg5 52. e4 h4+ 53. Kh3 Kh5 {White resigns} 0-1

[Event "ICC tourney 2049 (75 10)"]
[Site "Internet Chess Club"]
[Date "2020.10.10"]
[Round "4"]
[White "arsenicblast"]
[Black "JunlinTheWorld"]
[Result "1-0"]
[ICCResult "Black checkmated"]
[WhiteElo "2028"]
[BlackElo "1868"]
[Opening "Sicilian: dragon, Yugoslav attack, 7...O-O"]
[ECO "B76"]
[NIC "SI.17"]
[Time "18:32:25"]
[TimeControl "4500+10"]

1. e4 c5 2. Nf3 d6 3. d4 cxd4 4. Nxd4 Nf6 5. Nc3 g6 6. Be3 Bg7 7. f3 O-O 8.
Bc4 Nc6 9. Bb3 Bd7 10. Qd2 Rc8 11. O-O-O Ne5 12. h4 h5 13. Bh6 Nc4 14. Bxc4
Rxc4 15. Bxg7 Kxg7 16. g4 hxg4 17. h5 Rh8 18. hxg6 fxg6 19. Qd3 Rc8 20. f4
Qa5 21. Nb3 Qd8 22. e5 Nh5 23. exd6 e6 24. Ne4 Rf8 25. Qd4+ Nf6 26. Nbc5 b6
27. Nxf6 Rxf6 28. Ne4 e5 29. Qxe5 Bf5 30. d7 Rc6 31. Nc3 Re6 32. Qd4 Rd6 33.
Qxd6 Rxd6 34. Rxd6 g3 35. Rg1 Kf7 36. Rxg3 Ke7 37. Nb5 a6 38. Re3+ Kf7 39.
Re8 Qxd7 40. Rxd7+ Kxe8 41. Rd5 axb5 42. Rxb5 Kf7 43. Rxb6 Kg7 44. a4 Kh6
45. a5 Kh5 46. a6 Kg4 47. a7 Be4 48. Rxg6+ Bxg6 49. a8=Q Kxf4 50. Qf8+ Kg5
51. b4 Kg4 52. b5 Be4 53. b6 Kg5 54. Qe7+ Kf4 55. b7 Bxb7 56. Qxb7 Ke5 57.
c4 Kd4 58. Qd5+ Kc3 59. c5 Kb4 60. c6 Ka4 61. c7 Kb4 62. c8=Q Ka3 63. Qc3+
Ka4 64. Qda5# {Black checkmated} 1-0

[Event "ICC tourney 2049 (75 10)"]
[Site "Internet Chess Club"]
[Date "2020.10.10"]
[Round "4"]
[White "KittiesRock18"]
[Black "Danifrani"]
[Result "1/2-1/2"]
[ICCResult "Game drawn by mutual agreement"]
[WhiteElo "1566"]
[BlackElo "2061"]
[Opening "Sicilian: O'Kelly variation"]
[ECO "B28"]
[NIC "SI.43"]
[Time "18:32:59"]
[TimeControl "4500+10"]

1. e4 c5 2. Nf3 a6 3. d4 cxd4 4. Nxd4 Nf6 5. Nc3 e5 6. Nf3 Bb4 7. Nxe5 Qe7
8. Nc4 Nxe4 9. Qe2 Nxc3 10. Qxe7+ Kxe7 11. a3 Nd5+ 12. axb4 b5 13. Ne3 Bb7
14. Bd2 Re8 15. O-O-O Kf8 16. Nxd5 Bxd5 17. Be3 Be6 18. Be2 Nc6 19. Bf3 Rac8
20. Bf4 Kg8 21. Rhe1 Nxb4 22. c3 Nc6 23. Re2 b4 24. Rd6 a5 25. Re1 bxc3 26.
bxc3 Nb4 27. Kd2 Nc6 28. Ra1 Ra8 29. Be4 a4 30. Ra3 Bb3 31. Bd3 Rad8 32. Ba6
Ne5 33. Rd4 d5 34. Bxe5 Rxe5 35. Bb5 g5 36. Bxa4 Bc4 37. Bb3 Re2+ 38. Kd1
Rde8 39. Bxc4 dxc4 40. Ra5 Rxf2 41. Rxg5+ Kf8 42. Rxc4 Ra8 43. Ke1 Rc2 44.
Rd4 Raa2 45. Rg3 Rxg2 46. Rxg2 Rxg2 47. Rd2 {Game drawn by mutual agreement}
1/2-1/2

[Event "ICC tourney 2049 (75 10)"]
[Site "Internet Chess Club"]
[Date "2020.10.10"]
[Round "4"]
[White "GutsyEdge"]
[Black "Heliosis"]
[Result "1-0"]
[ICCResult "Black resigns"]
[WhiteElo "1979"]
[BlackElo "1855"]
[Opening "Queen's Indian: Riumin variation"]
[ECO "E16"]
[NIC "QI.06"]
[Time "18:32:14"]
[TimeControl "4500+10"]

1. d4 Nf6 2. c4 e6 3. Nf3 b6 4. g3 Bb7 5. Bg2 Bb4+ 6. Bd2 Be7 7. O-O O-O 8.
Re1 c5 9. Nc3 d5 10. cxd5 exd5 11. Bg5 h6 12. Bxf6 Bxf6 13. dxc5 bxc5 14.
Qb3 Qd7 15. Rad1 d4 16. e4 Nc6 17. e5 Be7 18. e6 fxe6 19. Bh3 Kh8 20. Bxe6
Qd6 21. Nd5 Na5 22. Qa4 Bxd5 23. Bxd5 Qxd5 24. Ne5 Kh7 25. Qxa5 Bd6 26. f4
Rae8 27. Nd7 Rxe1+ 28. Rxe1 Rf7 29. Qd8 Qc6 30. Ne5 Bxe5 31. Rxe5 Rd7 32.
Qf8 d3 33. Qf5+ g6 34. Qf8 Qd6 35. Qxd6 Rxd6 36. Re1 Kg7 37. Kf2 Kf6 38. Rd1
c4 39. Ke3 Kf5 40. b3 Re6+ 41. Kd4 cxb3 42. axb3 Kg4 43. Rxd3 Re2 44. h4 Rg2
45. Ke5 Rxg3 46. Rxg3+ Kxg3 47. Kf6 Kxf4 48. Kxg6 h5 49. Kxh5 Kf5 50. b4 a6
51. Kh6 Kf6 52. Kh7 Kf7 53. h5 Kf6 54. Kh6 {Black resigns} 1-0

[Event "ICC tourney 2049 (75 10)"]
[Site "Internet Chess Club"]
[Date "2020.10.10"]
[Round "4"]
[White "Adhvaith0406"]
[Black "AJ2000"]
[Result "1-0"]
[ICCResult "Black resigns"]
[WhiteElo "2003"]
[BlackElo "1632"]
[Opening "Ruy Lopez: 5.O-O"]
[ECO "C78"]
[NIC "RL.12"]
[Time "18:32:30"]
[TimeControl "4500+10"]

1. e4 e5 2. Nf3 Nc6 3. Bb5 a6 4. Ba4 Nf6 5. O-O b5 6. Bb3 Bc5 7. c3 d6 8. a4
Rb8 9. d4 Bb6 10. axb5 axb5 11. Na3 O-O 12. Nxb5 Bg4 13. h3 Bxf3 14. Qxf3
exd4 15. Bg5 Ne5 16. Qg3 dxc3 17. Nxc3 Ng6 18. Rae1 Bd4 19. Nd5 Bxb2 20. f4
c6 21. Nxf6+ Bxf6 22. Bxf6 Qxf6 23. e5 Qe7 24. f5 Qh4 25. fxg6 Qxg3 26.
gxf7+ Kh8 27. e6 Qxb3 28. e7 Qb6+ 29. Kh1 g6 30. e8=Q Rbxe8 31. fxe8=Q Rxe8
32. Rxe8+ Kg7 33. Re7+ Kh6 34. Rff7 Kg5 35. Rxh7 Qb1+ 36. Kh2 Qc1 37. Ref7
Qe1 38. Rf3 Qe5+ 39. Rg3+ Kf6 40. Rh6 Kf7 41. Rxg6 c5 42. Rg5 Qf4 43. Rg4
Qe5 44. h4 d5 45. Rg5 Qf4 46. Rg4 Qe5 47. Kh3 Qe1 48. Rg7+ Kf6 49. R3g6+ Kf5
50. g4+ Kf4 51. Rf7+ {Black resigns} 1-0

[Event "ICC tourney 2049 (75 10)"]
[Site "Internet Chess Club"]
[Date "2020.10.10"]
[Round "4"]
[White "Singireddy"]
[Black "canary2016"]
[Result "1-0"]
[ICCResult "Black resigns"]
[WhiteElo "2121"]
[BlackElo "1931"]
[Opening "Petrov: Cozio (Lasker) attack"]
[ECO "C42"]
[NIC "RG.03"]
[Time "18:32:07"]
[TimeControl "4500+10"]

1. e4 e5 2. Nf3 Nf6 3. Nxe5 d6 4. Nf3 Nxe4 5. Qe2 Qe7 6. d3 Nf6 7. Be3 g6 8.
Nc3 Bg7 9. g3 O-O 10. Bg2 c6 11. O-O Be6 12. Rfe1 Re8 13. Ng5 Bf5 14. h3 Qc7
15. g4 Be6 16. Nxe6 Rxe6 17. d4 d5 18. Qd2 Nbd7 19. Bf4 Rxe1+ 20. Rxe1 Qd8
21. Na4 Qf8 22. b4 Re8 23. Rxe8 Qxe8 24. Qe3 Bf8 25. Nc5 Qxe3 26. fxe3 Nxc5
27. bxc5 b6 28. cxb6 axb6 29. a4 Bb4 30. g5 Nd7 31. Kf2 Kf8 32. c4 dxc4 33.
Bxc6 Ke7 34. Bd5 c3 35. Bb3 Nf8 36. h4 Ne6 37. Be5 Kd7 38. Ke2 Nd8 39. Bg3
Nb7 40. Kd3 Ke7 41. Be1 Nd6 42. Bg3 Nf5 43. Bf2 Nd6 44. e4 Ba5 45. Be3 Bb4
46. d5 Ba5 47. Bd4 Ke8 48. Bc2 Kd7 49. Bxc3 Bxc3 50. Kxc3 Ke7 51. e5 Nb7 52.
Kc4 Kd7 53. Kb5 Na5 54. Bd3 Kc7 55. d6+ Kd7 56. Kxb6 Nb3 57. a5 Nd4 58. a6
Nc6 59. Bb5 Ke6 60. Bxc6 f6 61. exf6 Kxd6 62. a7 Ke6 63. a8=Q {Black
resigns} 1-0

[Event "ICC tourney 2049 (75 10)"]
[Site "Internet Chess Club"]
[Date "2020.10.10"]
[Round "4"]
[White "mopaska1106"]
[Black "CARTERD253"]
[Result "1/2-1/2"]
[ICCResult "Game drawn by mutual agreement"]
[WhiteElo "1967"]
[BlackElo "2153"]
[Opening "QGD Slav: 3.Nf3"]
[ECO "D11"]
[NIC "SL.01"]
[Time "18:32:05"]
[TimeControl "4500+10"]

1. d4 d5 2. c4 c6 3. Nf3 Nf6 4. g3 e6 5. Bg2 Nbd7 6. O-O Be7 7. b3 O-O 8.
Bb2 b6 9. Nbd2 Bb7 10. Qc2 Rc8 11. Rad1 Qc7 12. Qb1 c5 13. dxc5 bxc5 14.
cxd5 exd5 15. Rc1 Rfe8 16. b4 Qb6 17. bxc5 Bxc5 18. e3 Ba6 19. Rfe1 Rb8 20.
Nb3 Bb4 21. Bc3 Bxc3 22. Rxc3 Ne4 23. Rcc1 Bc4 24. Nfd4 Qa6 25. Qa1 Ne5 26.
Bf1 Qf6 27. f4 Bxf1 28. Rxf1 Ng4 29. Rc6 Qe7 30. Nf5 Qf8 31. Qd4 g6 32. Nh4
Qa3 33. Rc2 Rxb3 34. axb3 Qxb3 35. Rb2 Qxe3+ 36. Qxe3 Nxe3 37. Ra1 a5 38.
Rb7 Nc4 39. Nf3 Ned6 40. Rd7 a4 41. Ne5 Ra8 42. Nxc4 Nxc4 43. Rxd5 a3 44.
Rc5 Ra4 45. Rxc4 {Game drawn by mutual agreement} 1/2-1/2

[Event "ICC tourney 2049 (75 10)"]
[Site "Internet Chess Club"]
[Date "2020.10.10"]
[Round "4"]
[White "Natey"]
[Black "dzchess01"]
[Result "0-1"]
[ICCResult "White checkmated"]
[WhiteElo "1683"]
[BlackElo "1906"]
[Opening "Sicilian: Taimanov variation"]
[ECO "B46"]
[NIC "SI.39"]
[Time "18:32:31"]
[TimeControl "4500+10"]

1. e4 c5 2. Nf3 e6 3. d4 cxd4 4. Nxd4 Nc6 5. Nc3 a6 6. Nxc6 bxc6 7. Be2 d5
8. exd5 cxd5 9. O-O Nf6 10. Bg5 Be7 11. Re1 O-O 12. Bd3 Rb8 13. Rb1 Bb7 14.
Ne2 e5 15. Ng3 e4 16. Nf5 Bc5 17. Bf1 Qb6 18. Qd2 Ng4 19. Be3 Nxe3 20. Nxe3
Rbd8 21. b4 Be7 22. c4 d4 23. Nd5 Bxd5 24. cxd5 f5 25. Bc4 Bd6 26. Qe2 Rc8
27. Bxa6 d3 28. Bxd3 exd3 29. Qxd3 Rf6 30. h3 f4 31. a4 f3 32. a5 Qc7 33. a6
Bh2+ 34. Kh1 fxg2+ 35. Kxg2 Rcf8 36. Re2 Qf4 37. Kh1 Qd6 38. a7 Ra8 39. Ra2
Be5 40. b5 Qb6 41. Ra6 Qxf2 42. Rxf6 Qh2# {White checkmated} 0-1

[Event "ICC tourney 2049 (75 10)"]
[Site "Internet Chess Club"]
[Date "2020.10.10"]
[Round "4"]
[White "chesslead"]
[Black "kralj8"]
[Result "1-0"]
[ICCResult "Black resigns"]
[WhiteElo "2095"]
[BlackElo "1901"]
[Opening "Two knights defense (Modern bishop's opening)"]
[ECO "C55"]
[NIC "IG.01"]
[Time "18:32:12"]
[TimeControl "4500+10"]

1. e4 e5 2. Nf3 Nc6 3. Bc4 Nf6 4. d3 Be7 5. O-O O-O 6. c3 d6 7. Nbd2 Na5 8.
Bb5 a6 9. Ba4 b5 10. Bc2 Re8 11. Re1 Bb7 12. d4 Nc6 13. d5 Nb8 14. c4 bxc4
15. Nxc4 h6 16. Be3 Bf8 17. Ba4 c6 18. Nb6 Ra7 19. Nc4 Ra8 20. Rc1 Qe7 21.
Nb6 cxd5 22. Bxe8 dxe4 23. Nxa8 Bxa8 24. Ba4 exf3 25. Qc2 Be4 26. Qc8 Nfd7
27. Bxd7 Nxd7 28. Rc7 Bf5 29. Qa8 e4 30. Bf4 g5 31. Be3 Qe6 32. Rc8 fxg2 33.
Re8 Qc4 34. Kxg2 Kg7 35. b3 Qc3 36. Rc1 Qd3 37. h4 d5 38. hxg5 hxg5 39. Qc6
f6 40. Qc2 Qb5 41. Qc6 Qd3 42. Rh1 Kf7 43. Rh7+ Kg6 44. Rh8 Bg7 45. Qa8 Qd1
46. Reg8 Qf3+ 47. Kh2 Be6 48. Qe8+ Kf5 49. Rxg7 Ne5 50. Rxg5+ fxg5 51. Rf8+
Nf7 52. Rxf7+ Bxf7 53. Qxf7+ Kg4 54. Qxf3+ Kxf3 55. Kg1 g4 56. Bc5 Ke2 57.
Kg2 Kd3 58. Kg3 d4 59. Kxg4 e3 60. fxe3 dxe3 61. Kf3 Kc2 62. Kxe3 Kb2 63. b4
Ka3 64. b5+ Kxa2 65. bxa6 {Black resigns} 1-0

[Event "ICC tourney 2049 (75 10)"]
[Site "Internet Chess Club"]
[Date "2020.10.10"]
[Round "4"]
[White "Bearbarion"]
[Black "rmauskopf24"]
[Result "0-1"]
[ICCResult "White resigns"]
[WhiteElo "1859"]
[BlackElo "1624"]
[Opening "King's Indian, 3.Nf3"]
[ECO "E60"]
[NIC "KI.80"]
[Time "18:32:14"]
[TimeControl "4500+10"]

1. d4 Nf6 2. c4 g6 3. Nf3 Bg7 4. g3 O-O 5. Bg2 c6 6. Nc3 d5 7. cxd5 cxd5 8.
Ne5 Nc6 9. Nxc6 bxc6 10. O-O Bb7 11. Na4 Nd7 12. Bf4 f6 13. Bh3 e5 14. Be3
e4 15. Rc1 f5 16. Qd2 Qe7 17. f3 Ba6 18. fxe4 fxe4 19. Bg5 Bf6 20. Bxf6 Nxf6
21. Rxc6 e3 22. Qc2 Ne4 23. Rxa6 Rxf1+ 24. Bxf1 Qf7 25. Qd1 Qf2+ 26. Kh1
Nxg3+ 27. hxg3 Qxg3 28. Qb3 Qh4+ 29. Kg1 Qf2+ 30. Kh1 Qxf1+ 31. Kh2 Qxe2+
32. Kh3 Qh5+ 33. Kg2 e2 34. Qe3 Qg4+ 35. Kf2 Rf8+ 36. Ke1 Rf1+ 37. Kd2 Rd1+
38. Kc2 e1=Q {White resigns} 0-1

[Event "ICC tourney 2049 (75 10)"]
[Site "Internet Chess Club"]
[Date "2020.10.10"]
[Round "4"]
[White "Chessking2008"]
[Black "prudhvi"]
[Result "0-1"]
[ICCResult "White resigns"]
[WhiteElo "2172"]
[BlackElo "2164"]
[Opening "English: closed system"]
[ECO "A25"]
[NIC "EO.18"]
[Time "18:32:17"]
[TimeControl "4500+10"]

1. c4 e5 2. Nc3 Nc6 3. g3 g6 4. Bg2 Bg7 5. e4 d6 6. Nge2 Nge7 7. O-O Be6 8.
d3 Qd7 9. Nd5 O-O 10. Rb1 Nd8 11. f4 f5 12. Be3 c6 13. Nxe7+ Qxe7 14. b3 c5
15. Qd2 Nc6 16. Nc3 exf4 17. Bxf4 Rae8 18. exf5 Bxf5 19. Rbe1 Qd7 20. Nd5
Nd4 21. Bg5 Rxe1 22. Rxe1 Bh3 23. Re7 Qf5 24. Rxg7+ Kxg7 25. Bh6+ Kh8 26.
Bxf8 Bxg2 27. Qxg2 Qxf8 28. Qf2 Kg7 29. Qxf8+ Kxf8 30. Kf2 Kf7 31. Ke3 Ke6
32. Ke4 g5 33. h4 h6 34. hxg5 hxg5 35. Nc3 Nf5 36. Ne2 b6 37. a3 Ne7 38. Nc3
Nf5 39. Ne2 Ne7 40. Kf3 Nc6 41. Kg4 Kf6 42. Nc3 Ne5+ 43. Kh5 Nxd3 44. Nd5+
Ke5 45. Kxg5 Nc1 46. b4 Kd4 47. Nf4 Kxc4 48. Kf5 Nd3 49. bxc5 bxc5 50. g4
Nxf4 51. Kxf4 Kd3 52. g5 c4 53. g6 c3 54. g7 c2 55. g8=Q c1=Q+ 56. Kf5 Qc5+
57. Kf6 Qe5+ {White resigns} 0-1

[Event "ICC tourney 2049 (75 10)"]
[Site "Internet Chess Club"]
[Date "2020.10.10"]
[Round "4"]
[White "BranKing"]
[Black "ryanwang"]
[Result "1/2-1/2"]
[ICCResult "Game drawn by mutual agreement"]
[WhiteElo "2100"]
[BlackElo "1851"]
[Opening "Sicilian: Nimzovich-Rossolimo attack (with ...g6, without ...d6)"]
[ECO "B31"]
[NIC "SI.31"]
[Time "18:32:09"]
[TimeControl "4500+10"]

1. e4 c5 2. Nf3 Nc6 3. Bb5 g6 4. O-O Bg7 5. c3 e5 6. d4 cxd4 7. cxd4 exd4 8.
Bf4 a6 9. Bc4 d6 10. Nbd2 Nf6 11. Re1 O-O 12. Bb3 Nh5 13. Bg5 Qc7 14. Nf1 h6
15. Bd2 Ne5 16. Nxe5 dxe5 17. Bb4 Re8 18. Rc1 Qb6 19. Bc5 Qf6 20. Nd2 Be6
21. Nc4 Bxc4 22. Bxc4 Bf8 23. Bxf8 Rxf8 24. Bd5 Qb6 25. g3 Nf6 26. Bb3 Rac8
27. Rxc8 Rxc8 28. Qd2 Kg7 29. Kg2 Qc6 30. f3 Qc5 31. Re2 Ne8 32. Qd3 Qb5 33.
Qd1 Nd6 34. Rc2 Nc4 35. Bxc4 Rxc4 36. Rd2 Qc6 37. Qe2 b5 38. Qd3 Qc5 39. h4
h5 40. Re2 {Game drawn by mutual agreement} 1/2-1/2

[Event "ICC tourney 2049 (75 10)"]
[Site "Internet Chess Club"]
[Date "2020.10.10"]
[Round "4"]
[White "hpu2005"]
[Black "HarleyQueen8"]
[Result "1/2-1/2"]
[ICCResult "Game drawn by mutual agreement"]
[WhiteElo "1947"]
[BlackElo "1858"]
[Opening "Queen's gambit accepted"]
[ECO "D20"]
[NIC "QG.03"]
[Time "18:32:11"]
[TimeControl "4500+10"]

1. d4 d5 2. c4 dxc4 3. Nc3 Nf6 4. e4 e5 5. Nf3 exd4 6. Qxd4 Qxd4 7. Nxd4 Bc5
8. Be3 Ng4 9. Nd5 Na6 10. Bxc4 c6 11. Nc3 Nxe3 12. fxe3 Nc7 13. Rf1 f6 14.
h3 Bd7 15. Ke2 O-O-O 16. Rf3 Rhe8 17. Rd1 Be6 18. Nxe6 Nxe6 19. Rxd8+ Kxd8
20. h4 Bd6 21. Bxe6 Rxe6 22. g4 Bb4 23. Kd3 Bxc3 24. bxc3 Re5 25. Rf5 Ke7
26. Kd4 Ke6 27. Rf2 g6 28. Rg2 h6 29. Rb2 b6 30. Kd3 Ra5 31. Rf2 Ke5 32. h5
Ke6 33. hxg6 Rg5 34. e5 Rxg6 35. exf6 Rxf6 36. Rh2 Rg6
{Game drawn by mutual agreement}
1/2-1/2

[Event "ICC tourney 2049 (75 10)"]
[Site "Internet Chess Club"]
[Date "2020.10.10"]
[Round "4"]
[White "chessrani"]
[Black "clair"]
[Result "1-0"]
[ICCResult "Black checkmated"]
[WhiteElo "2057"]
[BlackElo "1714"]
[Opening "Robatsch (modern) defense"]
[ECO "B06"]
[NIC "KF.05"]
[Time "18:32:35"]
[TimeControl "4500+10"]

1. e4 g6 2. d4 Bg7 3. Nf3 e6 4. Be3 Ne7 5. Nc3 a6 6. Qd2 h6 7. Bd3 b5 8. a3
Bb7 9. O-O d6 10. h3 Nd7 11. Rad1 c5 12. Rfe1 c4 13. Bf1 Nf6 14. Bf4 Nh5 15.
Bh2 O-O 16. Qe3 Nf6 17. Qe2 Rc8 18. e5 dxe5 19. dxe5 Nfd5 20. Ne4 Qb6 21.
Nd4 Nc6 22. Nxc6 Qxc6 23. Nd6 Rc7 24. Qg4 Ne7 25. Ne4 Nd5 26. Bf4 Nxf4 27.
Qxf4 Qb6 28. Rd6 Qa7 29. Nf6+ Kh8 30. Red1 Qa8 31. Nd7 Rxd7 32. Rxd7 Bd5 33.
Rxf7 Rxf7 34. Qxf7 Bxe5 35. Qxg6 Qf8 36. c3 Qf4 37. g3 Qf3 38. Qxh6+ Kg8 39.
Qg5+ Bg7 40. Qd8+ Kh7 41. Rxd5 exd5 42. Bg2 Qd1+ 43. Kh2 Qd2 44. Be4+ Kh6
45. Qh4# {Black checkmated} 1-0

[Event "ICC tourney 2049 (75 10)"]
[Site "Internet Chess Club"]
[Date "2020.10.10"]
[Round "4"]
[White "bg26723"]
[Black "RhettLangseth"]
[Result "0-1"]
[ICCResult "White resigns"]
[WhiteElo "1917"]
[BlackElo "2160"]
[Opening "Pirc defense"]
[ECO "B07"]
[NIC "PU.08"]
[Time "18:32:26"]
[TimeControl "4500+10"]

1. e4 d6 2. d4 Nf6 3. Bd3 e5 4. dxe5 dxe5 5. Nf3 Nbd7 6. Bg5 c6 7. Nbd2 h6
8. Bh4 Qc7 9. Bg3 Nh5 10. Nc4 Nxg3 11. hxg3 Bc5 12. Qd2 b5 13. Ne3 Nf6 14.
Nh4 g6 15. Nf3 Be6 16. Qc3 Bd6 17. Ng5 Bc8 18. a3 a5 19. Rd1 Kf8 20. Qd2 Kg7
21. Nf3 Bc5 22. Rh4 Qe7 23. Ke2 h5 24. Qc3 Bg4 25. Rdh1 b4 26. axb4 axb4 27.
Qd2 Rad8 28. Qc1 Bb6 29. Nc4 Ba7 30. Qg5 Bd4 31. Rxg4 hxg4 32. Nh4 Qe6 33.
Nf5+ Qxf5 34. exf5 Rxh1 35. f3 gxf3+ 36. Kxf3 e4+ 37. Bxe4 Rf1+ 38. Ke2 Rf2+
39. Ke1 Rh8 {White resigns} 0-1